 Dungeon Crawl Stone Soup version 0.30-a0-824-g6c64550be9 (webtiles) character file.

Game seed: 5324080650756705172

1957 omnomnOMINOUS the Poker (level 9, -1/61 HPs)
             Began as an Octopode Wanderer on Feb 27, 2023.
             Was a Follower of the Shining One.
             Shot with an arrow by a centaur (14 damage)
             ... on level 7 of the Dungeon.
             The game lasted 00:13:43 (8355 turns).

omnomnOMINOUS the Poker (Octopode Wanderer)         Turns: 8355, Time: 00:13:43

Health: -1/61      AC:  1    Str: 25    XL:     9   Next: 19%
Magic:  15/15      EV: 14    Int: 18    God:    the Shining One [*.....]
Gold:   378        SH:  5    Dex: 10    Spells: 16/16 levels left

rFire   . . .      SeeInvis .    a - +1 trident
rCold   . . .      Faith    .    p - +1 buckler
rNeg    . . .      Spirit   .    (helmet restricted)
rPois   .          Reflect  .    (no amulet)
rElec   .          Harm     .    u - +6 ring of strength
rCorr   .          Rampage  .    w - +6 ring of strength
Will    .....                    (no ring)
Stlth   ++                       (no ring)
HPRegen 0.30/turn                (no ring)
MPRegen 0.14/turn                (no ring)
                                 (no ring)
                                 (no ring)

@: mighty, glowing
A: almost no armour, amphibious, 8 rings, camouflage 1, gelatinous body 1,
(nimble swimmer 1), tentacles
a: Renounce Religion, Divine Shield


You were on level 7 of the Dungeon.
You worshipped the Shining One.
The Shining One was aware of your devotion.
You visited 1 branch of the dungeon, and saw 7 of its levels.

You collected 378 gold pieces.

Inventory:

Hand Weapons
 a - a +1 trident (weapon)
 b - a +0 flail of protection
 x - a +3 mace of holy wrath
 y - a +1 morningstar of holy wrath
Missiles
 z - 4 poisoned darts (quivered)
Armour
 e - a +0 kite shield
 p - a +1 buckler (worn)
Jewellery
 u - a +6 ring of strength (left tentacle)
 w - a +6 ring of strength (right tentacle)
Wands
 c - a wand of mindburst (36)
 q - a wand of roots (2)
Scrolls
 g - a scroll of noise {unknown}
 h - a scroll of magic mapping
 i - 4 scrolls of fog
 j - a scroll of enchant weapon
 l - a scroll of vulnerability
 m - a scroll of summoning {unknown}
 o - a scroll of fear {unknown}
 s - a scroll of enchant armour
Potions
 d - a potion of attraction
 f - a potion of might
 k - 3 potions of flight
 n - a potion of cancellation {unknown}
 r - a potion of curing {unknown}
 t - 2 potions of mutation {unknown}
 v - 2 potions of experience {unknown}
 A - a potion of ambrosia {unknown}


   Skills:
 + Level 5.4 Fighting
 - Level 3.0(4.6) Axes
 * Level 5.6(6.0) Polearms
 + Level 5.5 Dodging
 - Level 5.3 Stealth
 + Level 4.5 Shields
 - Level 4.0 Spellcasting
 - Level 1.1 Evocations


You had 16 spell levels left.
You didn't know any spells.
Your spell library contained the following spells:

 Spells                   Type           Power      Damage    Failure   Level
 Freeze                   Ice            12%        1d3       19%         1
 Scorch                   Fire           6%         2d5       28%         2
 Frozen Ramparts          Ice            6%         1d1       50%         3
 Hailstorm                Conj/Ice       3%         3d3       50%         3
 Flame Wave               Conj/Fire      3%         2d5       88%         4
 Summon Cactus Giant      Summ           1%         N/A       100%        6


Dungeon Overview and Level Annotations

Branches:
Dungeon (7/15)             Temple (0/1) D:7

Altars:
Ashenzari
Cheibriados
Dithmenos
Hepliaklqana
Kikubaaqudgha
Okawaru
Trog
Xom
Yredelemnul
The Shining One


Innate Abilities, Weirdness & Mutations

You cannot wear most types of armour.
You are amphibious.
You can wear up to eight rings at the same time.
Your skin changes colour to match your surroundings (Stealth+).
Your rubbery body absorbs attacks. (AC +1, EV +1)
((You are camouflaged when in or above water. (Stealth+)))
You have tentacles for arms and can constrict up to eight enemies at once.


Message History

There is an open door here.
v - 2 sedimented green potions (gained 1)
You open the door.
There is an open door here.
You hear the slow hiss of a distant avalanche of sand.
A white imp comes into view.
The white imp shouts, "Escape, thou mangled spur-galled pustule!"
The white imp gestures at you. The puff of frost hits you!
A sky beast comes into view.
Found a sling.
A centaur comes into view.
The centaur shouts!
You puncture the white imp! You grab the white imp. You squeeze the white imp.
You kill the white imp!
The Shining One accepts your kill.
The centaur wields a +0 shortbow.
The centaur shoots an arrow.
The arrow hits you.
The centaur shoots an arrow.
You block the arrow.
The centaur shoots an arrow.
The arrow hits you!
You hit the sky beast but do no damage.
The centaur shoots an arrow.
The arrow misses you.
The sky beast flickers out of sight for a moment.
The sky beast hits you. The sky beast shocks you.
Okay, then.
Unknown command.
Okay, then.
Unknown command.
Okay, then.
Unknown command.
You feel very mighty all of a sudden.
The centaur shoots an arrow.
The arrow hits you!
The centaur shoots an arrow.
The arrow completely misses you. The sky beast misses you.
You hit the sky beast. You squeeze the sky beast!!
The sky beast is almost dead.
The centaur shoots an arrow.
The arrow misses you. The sky beast hits you. The sky beast shocks you.
* * * LOW HITPOINT WARNING * * *
The centaur shoots an arrow.
The arrow hits you!
You die...

#,,,,<,*,,,,,*,,,,,,*,,,,,,,*,*,,
#+######...,,#....+,,..,,,,,,,**,
...........,,*....#,*.*.*,*,****,
...........,,*....#,.,..,,,,* *,
..........,,,*#...#.#.#,*,*** *,
........#######...#....,,,******,
........#...........#.#.,,*^,,,,,
........#........Y......,,*,,,,,,
........#.......@...#..,,,*,,,,,,
###'#####...............,,*,,,,,,
#...................#c).,,*,,,,,,
#...................#,,.,,*,,,,,,
#...................#,,,,,*,,,,,,
#......##....###...##**,,*,,*****
#......##....#*#...#********,,,,,
#.......+............,* *,,,,,,
#......##............,* *,,,,,,


You could see a sky beast (invisible) and a centaur.

Vanquished Creatures
  Edmund (D:5)
  A water moccasin (D:6)
  A black bear (D:4)
  An ice beast (D:6)
  An ogre (D:5)
  A centaur (D:6)
  2 phantoms
  A gnoll sergeant (D:6)
  A necrophage (D:4)
  A scorpion (D:6)
  A bullfrog (D:6)
  A bullfrog zombie (D:6)
  7 jellies
  2 bullfrog skeletons (D:6)
  A centaur zombie (D:6)
  A gnoll bouda (D:5)
  2 hounds (D:6)
  A centaur skeleton (D:6)
  Jessica (D:3)
  4 iguanas
  Ijyb (D:5)
  2 orc wizards
  Robin (D:2)
  10 gnolls
  8 adders
  A white imp (D:7)
  2 ufetubi
  4 worms
  3 dart slugs (D:1)
  16 orcs
  7 ball pythons
  6 endoplasms
  6 giant cockroaches
  8 hobgoblins
  4 jackals
  6 kobolds
  2 quokkas (D:3)
  6 bats
  3 frilled lizards
  20 goblins
  11 rats
159 creatures vanquished.

Vanquished Creatures (others)
  A withered plant (D:6)
1 creature vanquished.

Grand Total: 160 creatures vanquished

Notes
Turn   | Place    | Note
-------+----------+-------------------------------------------
     0 | D:1      | omnomnOMINOUS the Octopode Wanderer began the quest for the
                  | Orb.
     0 | D:1      | omnomnOMINOUS set off with the following items: a +2
                  | dagger, a scroll of blinking, a +0 hand axe, a potion of
                  | attraction, a potion of lignification.
     0 | D:1      | Reached XP level 1. HP: 11/11 MP: 2/2
    35 | D:1      | Reached XP level 2. HP: 17/18 MP: 4/4
   111 | D:1      | Reached skill level 1 in Fighting
   284 | D:1      | Reached XP level 3. HP: 5/23 MP: 5/5
  1027 | D:2      | Noticed Robin
  1272 | D:2      | Reached XP level 4. HP: 23/29 MP: 7/7
  1424 | D:2      | Killed Robin
  2155 | D:2      | Reached XP level 5. HP: 35/35 MP: 8/8
  2655 | D:3      | Found a glowing golden altar of the Shining One.
  2657 | D:3      | Noticed an angel
  2668 | D:3      | Became a worshipper of the Shining One
  2719 | D:3      | Found an ancient bone altar of Kikubaaqudgha.
  2908 | D:3      | Noticed Jessica
  2916 | D:3      | Killed Jessica
  3068 | D:3      | Found a basalt altar of Yredelemnul.
  3071 | D:3      | Noticed a profane servitor
  3367 | D:4      | Reached XP level 6. HP: 29/41 MP: 10/10
  3430 | D:4      | Reached skill level 1 in Polearms
  3430 | D:4      | Reached skill level 1 in Shields
  3533 | D:4      | Found a shimmering altar of Xom.
  4088 | D:4      | Found a hazy altar of Hepliaklqana.
  4290 | D:4      | Noticed a black bear
  4371 | D:4      | Killed a black bear
  4372 | D:4      | Reached XP level 7. HP: 42/46 MP: 10/12
  4425 | D:5      | Entered Level 5 of the Dungeon
  4485 | D:5      | Noticed Edmund
  4494 | D:5      | Killed Edmund
  5180 | D:5      | Found a bloodstained altar of Trog.
  5180 | D:5      | Found a snail-covered altar of Cheibriados.
  5205 | D:5      | Reached * piety under the Shining One
  5375 | D:5      | Found a shadowy altar of Dithmenos.
  5422 | D:5      | Noticed Ijyb
  5429 | D:5      | Reached XP level 8. HP: 28/54 MP: 13/13
  5430 | D:5      | Killed Ijyb
  5878 | D:5      | Found an iron altar of Okawaru.
  6417 | D:6      | Found a broken altar of Ashenzari.
  6935 | D:6      | Reached skill level 5 in Dodging
  7153 | D:5      | Reached skill level 5 in Fighting
  7334 | D:6      | Reached skill level 5 in Polearms
  7334 | D:6      | Reached XP level 9. HP: 8/61 MP: 15/15
  7947 | D:6      | Found a broken altar of Ashenzari.
  8355 | D:7      | Shot with an arrow by a centaur

Illustrated notes

Levels and vault maps discovered:
D:1:      tarquinn_simple_flora_water_d, layout_basic, minmay_distorted
D:2:      layout_loops_corners, serial_glass, glass_columns_a, glass_columns_a,
          glass_columns_c, glass_columns_b, glass_columns_a, glass_columns_c,
          minmay_strange_pillars, due_unseen_surprise, feat_on_display,
          item_on_display_a, uniq_robin
D:3:      layout_basic, grunt_temple_overflow_holy_war,
          nicolae_kikubaaqudgha_miasma_corner, chequers_serial_rivers_room_a,
          grunt_ministairs_1, kennysheep_generic_room_14, uniq_jessica
D:4:      layout_loops_ring, mainiacjoe_overflow_alcove_1,
          mainiacjoe_overflow_small_starburst, minmay_quadrilaterals
D:5:      layout_layer_cave, minitemple, okawaru_trees_1,
          grunt_dithmenos_shadows, uniq_edmund, uniq_ijyb
D:6:      layout_gridville, ashenzari_altar_1, serial_undead, serial_undead_f,
          serial_undead_b, serial_undead_f, serial_undead_c
D:7:      layout_gridville, minmay_temple_entry_glassed_door,
          nicolae_ossuary_entry_plus, nicolae_sextant, hangedman_decor_riveting,
          uniq_menkaure

Skill      XL: |  1  2  3  4  5  6  7  8 |
---------------+-------------------------+-----
Fighting       | 1 2 3 4 5 |  5.4
Dodging        | 2 3 4 5 |  5.5
Spellcasting   | 2 3 4 |  4.0
Polearms       | 1 2 5 |  5.6
Shields        | 1 2 4 |  4.5
Axes           | |  3.0
Stealth        | |  5.3
Evocations     | |  1.1

Action                     |  1- 3 |  4- 6 |  7- 9 || total
---------------------------+-------+-------+-------++-------
  Melee: Unarmed           |    11 |       |       ||    11
         Dagger            |     4 |       |       ||     4
         Tentacles         |     8 |    35 |    36 ||    79
         Constrict         |    14 |    41 |    25 ||    80
         Spear             |    29 |    75 |     6 ||   110
         Mace              |    38 |    84 |       ||   122
         Punch             |     1 |     4 |     4 ||     9
         Trident           |       |       |   141 ||   141
  Evoke: Wand              |       |     1 |     4 ||     5
    Use: Potion            |     2 |     1 |     2 ||     5
         Scroll            |     1 |     2 |     7 ||    10
   Stab: Sleeping          |    16 |     4 |       ||    20
 Armour: Skin              |    24 |    11 |     3 ||    38
  Dodge: Dodged            |    56 |    78 |    77 ||   211
  Block: Buckler           |       |     6 |    27 ||    33

Table legend: (Time is in decaauts)
 A = Elapsed time spent in this place.
 B = Non-inter-level travel time spent in this place.
 C = Inter-level travel time spent in this place.
 D = Time resting spent in this place.
 E = Time spent auto-exploring this place.
 F = Levels seen in this place.
 G = Mean time per level.
                   A        B        C        D        E       F      G
               +--------+--------+--------+--------+--------+-----+--------+
         Total |   8412 |   7995 |    417 |   1603 |   4974 |   7 | 1201.7 |
       Dungeon |   8412 |   7995 |    417 |   1603 |   4974 |   7 | 1201.7 |
               +--------+--------+--------+--------+--------+-----+--------+

Top non-repeatable levels by time:
     D:6: 1990 daAuts
     D:5: 1856 daAuts
     D:1: 1214 daAuts
     D:4: 1200 daAuts
     D:2: 1094 daAuts
     D:3: 992 daAuts
     D:7: 62 daAuts
